 Dungeon Crawl Stone Soup version 0.21.1-1-g345015f (webtiles) character file.

305 straycat the Sneak (level 6, -3/47 HPs)
             Began as a Vampire Wanderer on Mar 1, 2018.
             Slain by an ogre
             ... wielding a +0 giant club
              (17 damage)
             ... on level 4 of the Dungeon.
             The game lasted 00:14:31 (3329 turns).

straycat the Sneak (Vampire Wanderer)               Turns: 3329, Time: 00:14:31

Health: -3/47      AC:  3    Str: 13    XL:     6   Next: 15%
Magic:  6/6        EV: 15    Int: 12    God:
Gold:   250        SH:  0    Dex: 16    Spells: 5/5 levels left

rFire    . . .     SeeInvis +   a - +2 falchion
rCold    . . .     Gourm    .   (no shield)
rNeg     . . .     Faith    .   v - +0 leather armour
rPois    .         Spirit   .   (no helmet)
rElec    .         Reflect  .   (no cloak)
rCorr    .         Harm     .   (no gloves)
MR       .....                  (no boots)
Stlth    +++.......             (no amulet)
HPRegen  0.35/turn              (no ring)
MPRegen  0.10/turn              (no ring)

@: regenerating quickly
A: fangs 3, see invisible, unbreathing
a: no special abilities


You were on level 4 of the Dungeon.
You were full.

You visited 1 branch of the dungeon, and saw 4 of its levels.

You collected 250 gold pieces.

Inventory:

Hand Weapons
 a - a +2 falchion (weapon)
 d - a +3 dagger
 e - a +1 dagger of freezing
 i - a cursed -1 short sword
 p - a +0 trident
 t - a +0 dagger of speed
 y - a cursed -1 whip
 C - a +0 blowgun
Missiles
 j - 13 poisoned needles
 k - 14 arrows
 o - 19 bolts
 w - 8 tomahawks (quivered)
 B - 4 curare-tipped needles
Armour
 v - a +0 leather armour (worn)
 x - a +0 scale mail
Wands
 F - a wand of acid (8)
Scrolls
 b - a scroll of teleportation
 g - 3 scrolls of enchant weapon {unknown}
 h - 2 scrolls of immolation {unknown}
 l - 6 scrolls of magic mapping {unknown}
 n - 2 scrolls of remove curse {unknown}
 q - a scroll of identify {unknown}
 r - a scroll of blinking {unknown}
 z - 2 scrolls of fear {unknown}
 E - a scroll of fog {unknown}
Potions
 c - 3 potions of curing
 f - 19 potions of blood
 m - a potion of brilliance {unknown}
 s - 2 potions of degeneration {unknown}
 u - 3 potions of lignification {unknown}
 A - a potion of heal wounds {unknown}
 D - a potion of mutation {unknown}


   Skills:
 - Level 3.6 Fighting
 + Level 3.1(3.2) Short Blades
 - Level 1.0(2.0) Long Blades
 * Level 5.3 Dodging
 + Level 5.6 Stealth
   Level 1.0 Shields


You had 5 spell levels left.
You didn't know any spells.

Dungeon Overview and Level Annotations

Branches:
Dungeon (4/15)
 Temple: D:4-7

Altars:
Okawaru
Zin

Shops:
D:4 ((:

Annotations:
D:4 Eustachio


Innate Abilities, Weirdness & Mutations

Your natural rate of healing is unusually fast.
You have razor-sharp teeth.
You have supernaturally acute eyesight. (SInv)
You can survive without breathing.


Message History

You hit the ogre but do no damage. You bite the ogre.
The ogre is lightly wounded.
The ogre misses you.
You hit the ogre. You bite the ogre, but do no damage.
The ogre is moderately wounded.
The ogre hits you with a giant club!
You hit the ogre.
The ogre is moderately wounded.
You hit the ogre. You bite the ogre, but do no damage.
The ogre is heavily wounded.
The ogre hits you with a giant club!!
* * * LOW HITPOINT WARNING * * *
You hit the ogre.
The ogre is severely wounded.
The ogre hits you with a giant club!
* * * LOW HITPOINT WARNING * * *
You barely miss the ogre.
The ogre is severely wounded.
The ogre hits you with a giant club!
You die...

#....# #.##.# #.##.##
#.##..## #.###..# #.#
##.# ### #.# #.# #..#
#.####.## #...##
#@#.....# ###
.#..######.O..∩..#
..####.##...##.........#
....##.#.......#.####.##
#Y...#...##.####.# #.#
.........#Y......# #.#
.#.....###'####..# #.#
##.....#§≈.≈≈##..# #.#
#.....#≈≈.≈≈##..# #.#


You could see an ogre.

Vanquished Creatures
  A crimson imp (D:3)
  A hound (D:4)
  An orc priest (D:3)
  An orc wizard (D:3)
  A worker ant (D:4)
  6 adders
  A worm (D:2)
  2 dart slugs (D:1)
  3 leopard geckos
  9 orcs (D:3)
  2 ball pythons (D:1)
  4 giant cockroaches
  10 goblins
  7 hobgoblins
  5 jackals (D:1)
  20 kobolds
  11 bats
  4 frilled lizards
  8 rats
  2 plants (D:3)
99 creatures vanquished.

Vanquished Creatures (others)
  A plant (D:3)
1 creature vanquished.

Grand Total: 100 creatures vanquished

Notes
Turn   | Place    | Note
-------+----------+-------------------------------------------
     0 | D:1      | straycat the Vampire Wanderer began the quest for the Orb.
     0 | D:1      | straycat set off with: a +2 falchion, a scroll of teleportation, a potion of curing, a +0 robe, a +0 dagger, a potion of blood
     0 | D:1      | Reached XP level 1. HP: 18/18 MP: 1/1
   114 | D:1      | Reached XP level 2. HP: 13/24 MP: 2/2
   324 | D:1      | Reached skill level 1 in Short Blades
   569 | D:1      | Reached XP level 3. HP: 21/29 MP: 3/3
  1243 | D:2      | Reached XP level 4. HP: 29/36 MP: 4/4
  1449 | D:2      | Found an iron altar of Okawaru.
  2118 | D:3      | Reached XP level 5. HP: 30/41 MP: 5/5
  2255 | D:3      | Reached skill level 5 in Stealth
  2673 | D:3      | Found a glowing silver altar of Zin.
  2803 | D:3      | Reached skill level 5 in Dodging
  3190 | D:4      | Reached XP level 6. HP: 34/47 MP: 6/6
  3191 | D:4      | Noticed Eustachio
  3219 | D:4      | Found Goepni's Antique Weapon Shoppe.
  3221 | D:4      | Noticed an ice beast
  3231 | D:4      | Found Bif Imma's Book Emporium.
  3256 | D:4      | Found Ypiptel's Weapon Emporium.
  3329 | D:4      | Slain by an ogre

Skill      XL: |  1  2  3  4  5 |
---------------+----------------+-----
Short Blades   | 1 2 3 |  3.1
Dodging        | 3 4 5 |  5.3
Stealth        | 4 5 |  5.6
Fighting       | |  3.6
Long Blades    | |  1.0
Shields        | |  1.0

Action                   |  1- 3 |  4- 6 || total
-------------------------+-------+-------++-------
Melee: Falchion          |    97 |   238 ||   335
       Bite              |     7 |    40 ||    47
 Abil: End Transformatio |     1 |       ||     1
       Bat Form          |     1 |       ||     1
  Use: Potion            |     5 |     9 ||    14
 Stab: Sleeping          |     6 |     8 ||    14
Armor: Robe              |    22 |    19 ||    41
       Leather armour    |       |    13 ||    13
Dodge: Dodged            |    73 |   136 ||   209
       Rpst.: Falchion   |    19 |    37 ||    56
